 Dungeon Crawl Stone Soup version 0.31-a0-185-g9dded2c639 (webtiles) character file.

Game seed: 2146116728015552185

256 qw the Skirmisher (level 5, -1/29 HPs)
             Began as a Deep Elf Hunter on June 22, 2023.
             Slain by a hound (2 damage)
             ... on level 3 of the Dungeon.
             The game lasted 00:00:42 (2012 turns).

qw the Skirmisher (Deep Elf Hunter)                 Turns: 2012, Time: 00:00:42

Health: -1/29      AC:  4    Str: 10    XL:     5   Next: 92%
Magic:  7/7        EV: 13    Int: 14    God:
Gold:   80         SH:  0    Dex: 18    Spells: 4/4 levels left

rFire   . . .        Y - +0 shortbow
rCold   . . .        (shield currently unavailable)
rNeg    . . .        c - +0 leather armour
rPois   .            (no helmet)
rElec   .            d - +0 cloak
rCorr   .            (no gloves)
SInv    .            (no boots)
Will    .....        (no amulet)
Stlth   ++           (no ring)
HPRegen 0.24/turn    (no ring)
MPRegen 0.10/turn

%: no passive effects
@: no status effects
A: no striking features
a: no special abilities


You were on level 3 of the Dungeon.
You visited 1 branch of the dungeon, and saw 3 of its levels.

You collected 179 gold pieces.
You spent 99 gold pieces at shops.


   Skills:
 + Level 1.5 Fighting
 - Level 9.2 Ranged Weapons
 - Level 3.3 Dodging
 - Level 1.2 Stealth


You had 4 spell levels left.
You didn't know any spells.
Your spell library was empty.

Inventory:

Hand Weapons
 Y - a +0 shortbow (weapon)
Armour
 c - a +0 leather armour (worn)
 d - a +0 cloak (worn)
 g - a +1 robe of willpower
 m - a +0 ring mail
Scrolls
 a - 2 scrolls of identify
 h - a scroll of acquirement {unknown}
 n - a scroll of poison {unknown}
Potions
 b - a potion of heal wounds {unknown}
 e - a potion of haste {unknown}
 f - a potion of lignification {unknown}
 i - 4 potions of curing
 j - a potion of magic {unknown}
 k - a potion of might {unknown}
 l - 2 potions of degeneration {unknown}
 o - a potion of ambrosia {unknown}

Dungeon Overview and Level Annotations

Branches:
Dungeon (3/15)

Altars:

Shops:
D:2 (![


Message History

Enter note:
Enter note:
Enter note: You open the door.
A gnoll and 2 hounds come into view.
The gnoll shouts!
The hound barks! x2
Enter note:
Enter note:
Enter note:
Enter note:
Enter note:
Enter note:
Enter note:
Enter note:
Enter note:
Enter note:
Enter note:
Enter note:
Enter note:
Enter note:
Enter note: You shoot an arrow.
The arrow barely misses the hound.
The arrow hits the hound.
The hound is moderately wounded.
The hound bites you but does no damage.
You shoot an arrow. The arrow hits the hound!
The hound is severely wounded.
The hound closely misses you. The hound bites you. The gnoll misses you.
You shoot an arrow. The arrow hits the hound!
You kill the hound!
The gnoll hits you from afar with a +0 halberd.
Your Dodging skill increases to level 3!
You shoot an arrow. The arrow barely misses the hound.
The hound barely misses you.
The gnoll hits you from afar with a +0 halberd!
You shoot an arrow. The arrow closely misses the hound.
The hound misses you. x2
The gnoll hits you from afar with a +0 halberd!
You shoot an arrow. The arrow barely misses the hound.
The hound bites you.
You die...

...# #.........##########.###~..
#..####.........#............~~~.
#..##.......#####................
#..##.......########.............
....#....<...#...+ #.............
....#.......##...# ###.....#.....
....#.......# g.+ #.......#.....
##.##.......####h###.............
#.##########..P@P.....#####.....
#.#.. ..##..........# #.....
#.#.#####.####........# #.....
##.#.....#.# #........# #.###.
...#..##.#.# #........#####.###.
##.#.....#.# #....)...<.........
#.##...#.#.# #...:............##
..##.....#.####................#
#.##..##.#.#.####...##.........#


You could see a hound and a gnoll.

Vanquished Creatures
  A phantom (D:2)
  A scorpion (D:3)
  A hound (D:3)
  Jessica (D:3)
  3 adders
  3 worms (D:2)
  A ball python (D:3)
  4 endoplasms
  A giant cockroach (D:3)
  7 goblins
  5 hobgoblins
  2 kobolds (D:2)
  2 quokkas (D:1)
  3 bats
  2 frilled lizards
  2 rats
39 creatures vanquished.

Notes
Turn   | Place    | Note
-------+----------+-------------------------------------------
     0 | D:1      | qw the Deep Elf Hunter began the quest for the Orb.
     0 | D:1      | Reached XP level 1. HP: 12/12 MP: 3/3
     0 | D:1      | 0 ||| qw: Version: 0.3-a-9-g12657ce
     0 | D:1      | 0 ||| qw: Game counter: 1791
     0 | D:1      | 0 ||| qw: Always use a shield: true
     0 | D:1      | 0 ||| qw: God list: Okawaru
     0 | D:1      | 0 ||| qw: Allow faded altars: false
     0 | D:1      | 0 ||| qw: Do Orc after D:15 true
     0 | D:1      | 0 ||| qw: Do second Lair branch before Depths: true
     0 | D:1      | 0 ||| qw: Lair rune preference: random
     0 | D:1      | 0 ||| qw: Plans: Normal
     0 | D:1      | 0 ||| PLANNING D:1-11
    65 | D:1      | Reached XP level 2. HP: 16/16 MP: 4/4
   196 | D:1      | Reached skill level 6 in Ranged Weapons
   410 | D:1      | 410 ||| READING scroll labelled SOJAURHESSOP.
   411 | D:1      | 411 ||| READING scroll labelled WUSTRA GIFOMU.
   412 | D:1      | 412 ||| READING scroll labelled FUJO PUISENWU.
   413 | D:1      | 413 ||| READING scroll labelled ADDOACETHE.
   414 | D:1      | 414 ||| DRINKING 2 fizzy yellow potions.
   518 | D:1      | 518 ||| DROPPING scroll of butterflies.
   519 | D:1      | 519 ||| DROPPING potion of berserk rage.
   582 | D:2      | Found Hehy's Distillery.
   589 | D:2      | 589 ||| BUYING potion of curing (36 gold).
   589 | D:2      | Bought a potion of curing for 36 gold pieces
   589 | D:2      | 589 ||| SHOPLISTING potion of heal wounds (60 gold, have
                  | 29).
   589 | D:2      | 589 ||| SHOPLISTING potion of might (48 gold, have 29).
   589 | D:2      | 589 ||| SHOPLISTING potion of mutation (96 gold, have 29).
   603 | D:2      | Found Vuptal's Weapon Boutique.
   611 | D:2      | 611 ||| SHOPLISTING +4 shortbow of freezing (356 gold, have
                  | 37).
   617 | D:2      | Noticed a phantom
   627 | D:2      | Killed a phantom
   628 | D:2      | Reached skill level 7 in Ranged Weapons
   628 | D:2      | Reached XP level 3. HP: 14/20 MP: 5/5
   628 | D:2      | Reached XP level 4. HP: 18/25 MP: 6/6
   905 | D:2      | Reached skill level 8 in Ranged Weapons
   955 | D:2      | 955 ||| FLEEEEING.
   956 | D:2      | 956 ||| FLEEEEING.
   957 | D:2      | 957 ||| FLEEEEING.
   958 | D:2      | 958 ||| FLEEEEING.
   978 | D:2      | Found Fopoxt's Armour Shop.
   983 | D:2      | 983 ||| BUYING +0 cloak (63 gold).
   983 | D:2      | Bought a +0 cloak for 63 gold pieces
   983 | D:2      | 983 ||| SHOPLISTING +0 helmet (63 gold, have 11).
   983 | D:2      | 983 ||| SHOPLISTING +0 ring mail (56 gold, have 11).
  1206 | D:2      | 1206 ||| UPGRADING to +0 cloak.
  1211 | D:2      | 1211 ||| READING scroll labelled VUCKIS DUILOU.
  1268 | D:3      | Identified the +8 flail of the Butterfly {heavy, rElec
                  | rPois MP+9}
  1303 | D:3      | Noticed Jessica
  1306 | D:3      | Killed Jessica
  1307 | D:3      | Reached XP level 5. HP: 29/29 MP: 7/7
  1500 | D:3      | Reached skill level 9 in Ranged Weapons
  2010 | D:3      | Reached skill level 3 in Dodging
  2011 | D:3      | HP: 1/29 [gnoll/+0 halberd (11)]
  2012 | D:3      | Slain by a hound

Levels and vault maps discovered:
D:1:      minmay_arrival_open_corners, layout_rooms, moated_statue,
          chequers_serial_rivers_small_b
D:2:      layout_loops_cross, serial_shops, nicolae_diamond_shop, shop, shop,
          amethyst_killhole
D:3:      layout_basic, chequers_serial_rivers_small_b, cheibrodos_gnoll_hut,
          uniq_jessica

Skill      XL: |  1  2  3  4  5 |
---------------+----------------+-----
Ranged Weapons | 7 8 9 |  9.2
Dodging        | 3 |  3.3
Fighting       | |  1.5
Stealth        | |  1.2

Action                     |  1- 3 |  4- 6 || total
---------------------------+-------+-------++-------
   Fire: Shortbow          |    43 |    94 ||   137
    Use: Scroll            |     4 |     1 ||     5
         Potion            |     1 |       ||     1
 Armour: Leather armour    |     1 |     7 ||     8
  Dodge: Dodged            |     6 |    15 ||    21

Table legend:
 A = Non-vault XP
 B = Vault XP
 C = Vault XP percentage of total XP
 D = Non-vault monster count
 E = Vault monster count
 F = Vault count percentage of total count
                 A         B        C        D         E       F
            +---------+---------+-------+---------+---------+-------
      Total |     290 |      77 |  21.0 |      37 |       2 |   5.1
            +---------+---------+-------+---------+---------+-------
        D:1 |      22 |       0 |   0.0 |      12 |       0 |   0.0
        D:2 |     142 |       0 |   0.0 |      12 |       0 |   0.0
        D:3 |     126 |      77 |  37.9 |      13 |       2 |  13.3
            +---------+---------+-------+---------+---------+-------
